 Dungeon Crawl Stone Soup version 0.30-a0-967-g9b59a09336 (webtiles) character file.

Game seed: 9314604283848820484

137 Anarcat the Trooper (level 5, 0/47 HPs)
             Began as a Hill Orc Fighter on Mar 31, 2023.
             Slain by an orc
             ... wielding a +0 club
              (5 damage)
             ... on level 3 of the Dungeon.
             The game lasted 00:07:22 (3080 turns).

Anarcat the Trooper (Hill Orc Fighter)              Turns: 3080, Time: 00:07:22

Health: 0/47       AC:  9    Str: 21    XL:     5   Next: 20%
Magic:  5/5        EV:  7    Int:  8    God:
Gold:   120        SH:  4    Dex: 10    Spells: 4/4 levels left

rFire   . . .      SeeInvis .    a - +0 long sword
rCold   . . .      Faith    .    c - +0 buckler
rNeg    . . .      Spirit   .    g - +0 chain mail
rPois   .          Reflect  .    (no helmet)
rElec   .          Rampage  .    (no cloak)
rCorr   .                        (no gloves)
Will    .....                    (no boots) Stlth
                                 (no amulet)
HPRegen 0.27/turn                (no ring)
MPRegen 0.09/turn                (no ring)

@: no status effects
A: no striking features
a: no special abilities


You were on level 3 of the Dungeon.
You visited 1 branch of the dungeon, and saw 3 of its levels.

You collected 120 gold pieces.

Inventory:

Hand Weapons
 a - a +0 long sword (weapon)
 n - a +3 dagger
Armour
 b - a +0 scale mail
 c - a +0 buckler (worn)
 g - a +0 chain mail (worn)
Magical Staves
 u - a staff of air
Jewellery
 l - an amulet of faith
Wands
 r - a wand of flame (20)
Scrolls
 f - a scroll of magic mapping {unknown}
 h - 3 scrolls of teleportation {unknown}
 j - a scroll of vulnerability {unknown}
 o - 2 scrolls of identify {unknown}
 p - a scroll of enchant weapon {unknown}
 q - a scroll of blinking {unknown}
 s - a scroll of fear {unknown}
 t - a scroll of acquirement {unknown}
Potions
 d - a potion of might
 e - 2 potions of lignification {unknown}
 i - a potion of heal wounds {unknown}
 k - a potion of haste {unknown}
 m - 3 potions of attraction {unknown}


   Skills:
 + Level 4.5 Fighting
 + Level 3.8 Long Blades
 + Level 4.2 Armour
 + Level 0.3 Dodging
 + Level 0.1 Stealth
 + Level 3.8 Shields


You had 4 spell levels left.
You didn't know any spells.
Your spell library was empty.

Dungeon Overview and Level Annotations

Branches:
Dungeon (3/15)

Altars:


Message History

The orc hits you with a +4 mace. The orc hits you but does no damage.
You block the orc's attack. The orc hits you but does no damage.
The orc hits you but does no damage. The orc attacks as you move away!
The orc hits you with a +4 mace! The orc closely misses you.
You hit the orc.
The orc is moderately wounded.
The orc hits you with a +4 mace. The orc hits you but does no damage.
You barely miss the orc.
The orc is moderately wounded.
The orc barely misses you. The orc hits you with a +0 club.
You hit the orc but do no damage.
The orc is moderately wounded.
The orc hits you with a +4 mace! The orc hits you but does no damage.
You hit the orc but do no damage.
The orc is moderately wounded.
The orc hits you with a +4 mace. The orc hits you but does no damage. x2
The orc closely misses you.
You hit the orc.
The orc is severely wounded.
The orc hits you with a +4 mace. The orc hits you with a +0 club.
* * * LOW HITPOINT WARNING * * *
You hit the orc.
The orc is almost dead.
You block the orc's attack. The orc hits you but does no damage.
You hit the orc but do no damage.
The orc is almost dead.
The orc hits you with a +4 mace.
* * * LOW HITPOINT WARNING * * *
The orc hits you with a +0 club.
* * * LOW HITPOINT WARNING * * *
You slash the orc!
You kill the orc!
The orc hits you but does no damage. You block the orc's attack.
You completely miss the orc. The orc hits you with a +0 club.
* * * LOW HITPOINT WARNING * * *
You hit the orc but do no damage. You block the orc's attack.
You barely miss the orc. The orc hits you but does no damage.
You hit the orc but do no damage. The orc hits you with a +0 club.
You die...

... ... #.# # ######..
#.# # #.....# #.# #
#.....########.# #
#......[.......# #
###..............#####
#.[))@................
#..)o....####.....รท...
............#
#.........
.............#
#.........
......########
#......... ......
#......... ......
####...... ......
#######


You could see an orc.

Vanquished Creatures
  Natasha (twice) (D:3)
  2 adders
  2 worms
  4 dart slugs
  4 orcs (D:3)
  2 endoplasms (D:2)
  2 giant cockroaches
  2 goblins (D:1)
  4 hobgoblins
  3 jackals (D:1)
  5 kobolds
  5 quokkas
  2 ball pythons
  4 bats
  4 frilled lizards
  5 rats
52 creatures vanquished.

Notes
Turn   | Place    | Note
-------+----------+-------------------------------------------
     0 | D:1      | Anarcat the Hill Orc Fighter began the quest for the Orb.
     0 | D:1      | Reached XP level 1. HP: 19/19 MP: 1/1
   204 | D:1      | Reached XP level 2. HP: 22/27 MP: 2/2
  1267 | D:2      | Reached XP level 3. HP: 33/33 MP: 3/3
  2310 | D:2      | Reached XP level 4. HP: 40/40 MP: 4/4
  2449 | D:2      | Found a faded altar of an unknown god.
  2625 | D:3      | Noticed Natasha
  2631 | D:3      | Killed Natasha
  2783 | D:3      | Noticed Natasha
  2788 | D:3      | Killed Natasha
  2789 | D:3      | Reached XP level 5. HP: 7/47 MP: 5/5
  3080 | D:3      | Slain by an orc

Illustrated notes

Levels and vault maps discovered:
D:1:      nzn_arrival_depleted_hourglass, layout_basic
D:2:      layout_loops_ring, nicolae_ecumenical_oubliette
D:3:      layout_basic, chequers_temple_overflow_statue_of_worship, uniq_robin,
          uniq_natasha

Skill      XL: |  1  2  3  4 |
---------------+-------------+-----
Fighting       | 4 |  4.5
Long Blades    | 3 |  3.8
Armour         | 4 |  4.2
Dodging        | |  0.3
Stealth        | |  0.1
Shields        | |  3.8

Action                     |  1- 3 |  4- 6 || total
---------------------------+-------+-------++-------
  Melee: Long sword        |   133 |    61 ||   194
 Armour: Scale mail        |    37 |       ||    37
         Chain mail        |    87 |    37 ||   124
  Dodge: Dodged            |    73 |    21 ||    94
  Block: Buckler           |    46 |    11 ||    57

Table legend: (Time is in decaauts)
 A = Elapsed time spent in this place.
 B = Non-inter-level travel time spent in this place.
 C = Inter-level travel time spent in this place.
 D = Time resting spent in this place.
 E = Time spent auto-exploring this place.
 F = Levels seen in this place.
 G = Mean time per level.
                   A        B        C        D        E       F      G
               +--------+--------+--------+--------+--------+-----+--------+
         Total |   3144 |   3144 |      0 |   1180 |   1233 |   3 | 1048.0 |
       Dungeon |   3144 |   3144 |      0 |   1180 |   1233 |   3 | 1048.0 |
               +--------+--------+--------+--------+--------+-----+--------+

Top non-repeatable levels by time:
     D:2: 1386 daAuts
     D:1: 1284 daAuts
     D:3: 474 daAuts
